[Event "Monday 09 April, Rapid Engine Tour 13+2 Rds 7, starts 16.00 ST"]
[Site "Infinity Chess"]
[Date "2018.4.9"]
[Round "1"]
[White "Dovahkiin"]
[Black "MCDermont"]
[Result "1/2-1/2"]
[ECO "C55"]
[WhiteElo "2387"]
[BlackElo "2475"]
[WhiteEngine "Raubfisch ME262_GTZ16f_CTG"]
[BlackEngine "BrainFish 090218"]
[EventType "Swiss"]
[WhiteTeam ""]
[BlackTeam ""]
[PlyCount "89"]
[TimeControl "780+2"]

1. e4 e5 2. Nf3 Nc6 3. Bc4 Nf6 4. d3 Bc5 5. O-O d6 6. c3 O-O 7. Bg5 h6 8. Bh4 g5 
9. Bg3 a6 10. Bb3 Ba7 11. Nbd2 Na5 12. Bc2 Nh5 13. b4 Nxg3 14. hxg3 Nc6 
15. Nc4 g4 16. Nh4 Qg5 17. Na5 Nxa5 18. bxa5 c6 19. d4 Bb8 20. dxe5 dxe5 
21. Qb1 Bd6 22. Rd1 Bc5 23. Qb3 Qf6 24. Rd2 Rd8 25. Rad1 Rxd2 26. Rxd2 h5 
27. Qc4 Be7 28. Qb3 Kg7 29. Qb6 Bd6 30. Qe3 Bc7 31. Qc5 Be6 32. Qb4 Rd8 
33. Rxd8 Bxd8 34. Qxb7 Qh6 35. Bb3 Bxh4 36. Bxe6 Qxe6 37. gxh4 Qc4 38. Kh2 Qxa2 
39. Kg1 Qxa5 40. Qe7 Qxc3 41. Qg5+ Kf8 42. Qd8+ Kg7 43. Qg5+ Kf8 44. Qd8+ Kg7 
45. Qg5+ 1/2-1/2

[Event "Monday 09 April, Rapid Engine Tour 13+2 Rds 7, starts 16.00 ST"]
[Site "Infinity Chess"]
[Date "2018.4.9"]
[Round "1"]
[White "CrapCleaner"]
[Black "OlivierEvan"]
[Result "1-0"]
[ECO "B06"]
[WhiteElo "2479"]
[BlackElo "2393"]
[WhiteEngine "komodo-11.3.1-64bit-BMI2_CTG"]
[BlackEngine "Houdini 6"]
[EventType "Swiss"]
[WhiteTeam ""]
[BlackTeam ""]
[PlyCount "169"]
[TimeControl "780+2"]

1. e4 g6 2. d4 Bg7 3. Nc3 d6 4. Nf3 Nf6 5. Be2 O-O 6. O-O c5 7. d5 e6 
8. Bf4 exd5 9. exd5 Re8 10. Nd2 Nbd7 11. a4 Nb6 12. Bf3 a5 13. h3 Bf5 
14. Bh2 Re7 15. g4 Bc8 16. Bg3 h5 17. Kg2 Qd7 18. Rh1 hxg4 19. hxg4 Nxg4 
20. Nde4 Nc4 21. Qe2 Nce5 22. Bxg4 Nxg4 23. Qd2 f5 24. Nxd6 f4 25. Bxf4 Ne5 
26. Nxc8 Qg4+ 27. Bg3 Qf3+ 28. Kg1 Rxc8 29. Qd1 Qf5 30. Kg2 Nc4 31. Qd3 Qxd3 
32. cxd3 Nxb2 33. d6 Rf7 34. Nd5 Nxd3 35. Rad1 c4 36. Ne7+ Rxe7 37. dxe7 Bf6 
38. Rb1 Re8 39. Rxb7 Rxe7 40. Rxe7 Bxe7 41. Kf3 Kf7 42. Ke4 Ke6 43. Kd4 Nb2 
44. Re1+ Kd7 45. Re2 c3 46. Kxc3 Nxa4+ 47. Kc4 Nb6+ 48. Kd4 a4 49. Rc2 a3 
50. Rc7+ Ke8 51. f3 Na4 52. Be5 a2 53. Kd5 Kf7 54. Ra7 Nb6+ 55. Ke4 Nc4 
56. Bh8 Nd6+ 57. Kf4 Nf5 58. Rxa2 Nh4 59. Ke4 Bb4 60. Ra4 Be7 61. Bc3 Nf5 
62. Ra6 Nh4 63. Ra7 Ke6 64. Be1 Ng2 65. Bg3 Bd8 66. Ra8 Be7 67. Ra6+ Kf7 
68. Ra7 Ke6 69. f4 Bd8 70. Rg7 Kf6 71. Rd7 Ba5 72. Ra7 Bc3 73. Ra6+ Kf7 
74. Ra2 Ne1 75. Re2 Nf3 76. Kxf3 Kf6 77. Ke4 Ba5 78. Ra2 Bb4 79. Ra6+ Kg7 
80. f5 Bc5 81. Be5+ Kh6 82. fxg6 Be7 83. Kf5 Bf6 84. Ra7 Bxe5 85. Rh7# 1-0

[Event "Monday 09 April, Rapid Engine Tour 13+2 Rds 7, starts 16.00 ST"]
[Site "Infinity Chess"]
[Date "2018.4.9"]
[Round "1"]
[White "Vimtiroba"]
[Black "Katzenmaier"]
[Result "0-1 "]
[ECO "D02"]
[WhiteElo "2398"]
[BlackElo "2492"]
[WhiteEngine "AsmFish@A8_CTG"]
[BlackEngine "Raubfisch X36b"]
[EventType "Swiss"]
[WhiteTeam ""]
[BlackTeam ""]
[PlyCount "32"]
[TimeControl "780+2"]

1. d4 d5 2. Nf3 Nf6 3. c4 c6 4. Nc3 e6 5. e3 Nbd7 6. Be2 Bd6 7. O-O O-O 
8. Qc2 dxc4 9. Bxc4 b5 10. Bd3 Bb7 11. e4 e5 12. Rd1 Re8 13. dxe5 Nxe5 
14. Nxe5 Bxe5 15. a4 b4 16. Ne2 Ng4 0-1

[Event "Monday 09 April, Rapid Engine Tour 13+2 Rds 7, starts 16.00 ST"]
[Site "Infinity Chess"]
[Date "2018.4.9"]
[Round "1"]
[White "MarioDeMonti"]
[Black "localhero"]
[Result "1/2-1/2"]
[ECO "C55"]
[WhiteElo "2507"]
[BlackElo "2404"]
[WhiteEngine "stockfish_x64_bmi2_2018_02_18_CTG"]
[BlackEngine "asmFishW_2017-10-04_popcnt"]
[EventType "Swiss"]
[WhiteTeam ""]
[BlackTeam ""]
[PlyCount "127"]
[TimeControl "780+2"]

1. e4 e5 2. Nf3 Nc6 3. Bc4 Nf6 4. d3 Bc5 5. c3 d6 6. O-O a5 7. Re1 O-O 8. h3 h6 
9. Nbd2 Be6 10. a4 Bb6 11. Bxe6 fxe6 12. Nc4 Bc5 13. Be3 Bxe3 14. Rxe3 Qd7 
15. Rc1 Rf7 16. d4 exd4 17. cxd4 Raf8 18. Qb3 b6 19. Qb5 Nb4 20. Na3 Na2 
21. Rd1 Nb4 22. Qxd7 Rxd7 23. Nb5 Nh5 24. e5 Nf4 25. h4 d5 26. g3 Ng6 27. Kg2 c6 
28. Nd6 Ne7 29. Rc3 Rfd8 30. h5 Nc8 31. Nxc8 Rxc8 32. Ng1 c5 33. Ne2 Rdc7 
34. Rd2 Kf7 35. f4 Ke7 36. Rb3 Rb7 37. Kf3 Rbb8 38. Ke3 Rg8 39. Rc3 Na2 
40. Ra3 Nb4 41. Rc3 Na2 42. Rcc2 c4 43. b3 cxb3 44. Rc7+ Kd8 45. Ra7 Nb4 
46. Rb2 Nc6 47. Rf7 Ne7 48. f5 Nxf5+ 49. Kd2 Ke8 50. Ra7 g6 51. hxg6 Rxg6 
52. Rxb3 h5 53. Rh7 Rh6 54. Rxh6 Nxh6 55. Nf4 Nf5 56. Nxe6 Ke7 57. Nf4 Nxd4 
58. Nxd5+ Ke6 59. Rxb6+ Rxb6 60. Nxb6 Kxe5 61. Nc4+ Kf6 62. Nxa5 Nf5 
63. Nc4 Nxg3 64. a5 1/2-1/2

[Event "Monday 09 April, Rapid Engine Tour 13+2 Rds 7, starts 16.00 ST"]
[Site "Infinity Chess"]
[Date "2018.4.9"]
[Round "1"]
[White "RonWeasley"]
[Black "Susanne"]
[Result "1/2-1/2"]
[ECO "E32"]
[WhiteElo "2428"]
[BlackElo "2511"]
[WhiteEngine "BrainFish 090218_CTG"]
[BlackEngine "stockfish_jvv03_x64_bmi2_CTG"]
[EventType "Swiss"]
[WhiteTeam ""]
[BlackTeam ""]
[PlyCount "90"]
[TimeControl "780+2"]

1. d4 Nf6 2. c4 e6 3. Nc3 Bb4 4. Qc2 O-O 5. e4 d5 6. e5 Ne4 7. Bd3 c5 
8. Nf3 cxd4 9. Nxd4 Nd7 10. Bf4 Qh4 11. g3 Qh3 12. O-O-O Bxc3 13. bxc3 Nb6 
14. f3 Nc5 15. Bf1 Qh5 16. h4 Bd7 17. g4 Qg6 18. Qd2 f6 19. h5 Qe8 20. exf6 Nxc4 
21. Bxc4 dxc4 22. Qe3 Rxf6 23. Be5 Nd3+ 24. Rxd3 cxd3 25. Bxf6 gxf6 26. g5 Qe7 
27. f4 Rf8 28. Rg1 Kh8 29. Qxd3 fxg5 30. fxg5 e5 31. g6 hxg6 32. Rxg6 Rf6 
33. Qe3 Rxg6 34. hxg6 Kg7 35. Nf3 Qa3+ 36. Kd1 Qa4+ 37. Ke1 Qf4 38. Qxe5+ Qxe5+ 
39. Nxe5 Be6 40. a3 Kf6 41. Nd3 Kxg6 42. Nf4+ Kf5 43. Nxe6 Kxe6 44. a4 b6 
45. Kd2 Kd5 1/2-1/2

[Event "Monday 09 April, Rapid Engine Tour 13+2 Rds 7, starts 16.00 ST"]
[Site "Infinity Chess"]
[Date "2018.4.9"]
[Round "1"]
[White "THE_MACHINE"]
[Black "star99"]
[Result "1/2-1/2"]
[ECO "B53"]
[WhiteElo "2556"]
[BlackElo "2444"]
[WhiteEngine "BrainFish_180408_x64_bmi2"]
[BlackEngine "Cryptic Heroes 9.3B"]
[EventType "Swiss"]
[WhiteTeam ""]
[BlackTeam ""]
[PlyCount "127"]
[TimeControl "780+2"]

1. e4 c5 2. Nf3 d6 3. d4 Nf6 4. Nc3 cxd4 5. Nxd4 a6 6. Be3 e5 7. Nb3 Be6 
8. Be2 Be7 9. Qd3 Nc6 10. a3 Rc8 11. Nd5 O-O 12. c3 Nd7 13. Qd2 h6 14. O-O-O Bg5 
15. Bxg5 hxg5 16. Kb1 Nf6 17. f3 Bxd5 18. exd5 Ne7 19. Ka2 Nexd5 20. Bd3 Qb6 
21. g4 Nf4 22. Bc2 Rcd8 23. h4 gxh4 24. Rxh4 g6 25. Rh6 Kg7 26. Rdh1 Rg8 
27. Nd4 Kf8 28. Re1 Qc5 29. Bb3 b5 30. g5 N6d5 31. Rh7 Rg7 32. Rh8+ Rg8 
33. Rh7 a5 34. Nxb5 Qxb5 35. c4 Qb7 36. cxd5 Rb8 37. Re3 Ra8 38. Re4 Rg7 
39. Rh8+ Rg8 40. Rh7 Rg7 41. Rh8+ Rg8 42. Rh4 Qb6 43. Rc4 Rb8 44. Qc2 Qd8 
45. Rh7 Rg7 46. Rh2 Rg8 47. Rc7 Kg7 48. Qc6 Rf8 49. Bc4 Kg8 50. Rc2 Kg7 
51. Rd7 Qxg5 52. Qxd6 Qf5 53. Rh2 Rbc8 54. Ba6 Ra8 55. Re7 Nxd5 56. Qxd5 Rxa6 
57. Rxe5 Qf4 58. Rh1 Rf6 59. Qc5 Qxf3 60. Qc1 Qf4 61. Qc3 Qf3 62. Qc1 Qf4 
63. Qc3 Qf3 64. Qc1 1/2-1/2

[Event "Monday 16 April Rapid Engine Tour 12+1 Rounds 9 Starts 1600ST"]
[Site "Infinity Chess"]
[Date "2018.4.16"]
[Round "9"]
[White "angriff"]
[Black "KQRBNP"]
[Result "1-0"]
[ECO "B41"]
[WhiteElo "2372"]
[BlackElo "2384"]
[WhiteEngine "DracoREX 3.07 64BIT POPCNT_CTG"]
[BlackEngine "Eman 1.70-beta21 64-bit POPCNT"]
[EventType "Swiss"]
[WhiteTeam ""]
[BlackTeam ""]
[PlyCount "133"]
[TimeControl "720+1"]

1. e4 c5 2. Nf3 e6 3. d4 a6 4. d5 Nf6 5. Bd3 exd5 6. e5 Ng8 7. Nc3 Ne7 8. O-O h6 
9. Re1 Nbc6 10. Bf1 b6 11. Nxd5 Nxd5 12. Qxd5 Bb7 13. Bf4 Qe7 14. Qd2 Qe6 
15. b3 Be7 16. Rad1 Rd8 17. Bg3 O-O 18. c3 Na7 19. Bd3 Bxf3 20. gxf3 h5 
21. h4 b5 22. f4 Qh6 23. Bf5 d5 24. e6 f6 25. Qc2 Kh8 26. Bg6 f5 27. Bxf5 Nc6 
28. Bg6 Rxf4 29. Bxf4 Qxf4 30. Qe2 Qxh4 31. Qxh5+ Qxh5 32. Bxh5 Bf6 33. c4 d4 
34. Kg2 Kg8 35. Bf3 Ne7 36. cxb5 axb5 37. a4 c4 38. a5 c3 39. a6 d3 40. a7 d2 
41. Rh1 Ng6 42. a8=Q Nf4+ 43. Kg3 Ne2+ 44. Kg4 Rxa8 45. Bxa8 Kf8 46. Kf3 Nd4+ 
47. Ke3 b4 48. Bd5 Ke7 49. Rdg1 Kd6 50. Bc4 Nf5+ 51. Kd3 Ke5 52. Rg4 Nd6 
53. Kc2 Kf5 54. f3 g5 55. Rh7 Ne8 56. e7 Nd6 57. Bd3+ Ke6 58. Re4+ Kd5 
59. e8=Q Nxe8 60. Bc4+ Kc6 61. Rxe8 d1=Q+ 62. Kxd1 c2+ 63. Kxc2 Be5 64. Rxe5 g4 
65. Re6+ Kc5 66. Rh5+ Kd4 67. Rd5# 1-0

[Event "Monday 16 April Rapid Engine Tour 12+1 Rounds 9 Starts 1600ST"]
[Site "Infinity Chess"]
[Date "2018.4.16"]
[Round "9"]
[White "Mr Aj"]
[Black "Thinker"]
[Result "1/2-1/2"]
[ECO "A06"]
[WhiteElo "2436"]
[BlackElo "2432"]
[WhiteEngine "Houdini 6_CTG"]
[BlackEngine "BrainFish_180411_x64_modern_CTG"]
[EventType "Swiss"]
[WhiteTeam ""]
[BlackTeam ""]
[PlyCount "135"]
[TimeControl "720+1"]

1. Nf3 d5 2. d4 Nf6 3. c4 e6 4. Nc3 Be7 5. e3 O-O 6. a3 b6 7. Bd3 dxc4 
8. Bxc4 c5 9. O-O Bb7 10. dxc5 bxc5 11. Qc2 Qc7 12. Rd1 Nc6 13. Bd2 Ne5 
14. Nxe5 Qxe5 15. Rac1 Rad8 16. Ne2 Be4 17. Qc3 Qb8 18. f3 Bc6 19. b3 Nd5 
20. Qc2 Bg5 21. f4 Be7 22. Ng3 Qb7 23. Re1 Bh4 24. Ba5 Rd7 25. Bd3 Nf6 
26. Red1 g6 27. Nf1 Ng4 28. g3 Be7 29. h3 Nf6 30. Nd2 Rb8 31. Re1 Bb5 
32. Bc4 Nh5 33. Kh2 Bxc4 34. bxc4 Qa6 35. Bc3 Rbd8 36. Re2 Ng7 37. g4 Rd3 
38. Nf3 f6 39. Bb2 Qd6 40. Kg1 Qc6 41. Rf1 Qb7 42. Bc3 Qa6 43. Ne1 R3d7 
44. Bb2 Qd6 45. Kg2 Qd1 46. Nf3 Qd3 47. Rb1 Qxc2 48. Rxc2 Rb8 49. Ra1 Ne8 
50. Kf2 Nd6 51. Nd2 f5 52. Ke2 Nf7 53. Rd1 Rd6 54. Bc3 Ra6 55. Rb2 Rxb2 
56. Bxb2 Nd6 57. g5 Bf8 58. Rb1 Bg7 59. Be5 Bxe5 60. fxe5 Nf7 61. Rb8+ Kg7 
62. Nf3 Ra4 63. Re8 Rxa3 64. Rxe6 Ra2+ 65. Ke1 Ra3 66. Ke2 Ra2+ 67. Ke1 Ra3 
68. Ke2 1/2-1/2

[Event "Monday 16 April Rapid Engine Tour 12+1 Rounds 9 Starts 1600ST"]
[Site "Infinity Chess"]
[Date "2018.4.16"]
[Round "9"]
[White "MarioDeMonti"]
[Black "Marsell"]
[Result "1/2-1/2"]
[ECO "C55"]
[WhiteElo "2442"]
[BlackElo "2455"]
[WhiteEngine "stockfish_x64_bmi2_2018_02_18_CTG"]
[BlackEngine "BrainFish_180408_x64_bmi2"]
[EventType "Swiss"]
[WhiteTeam ""]
[BlackTeam ""]
[PlyCount "120"]
[TimeControl "720+1"]

1. e4 e5 2. Nf3 Nc6 3. Bc4 Nf6 4. d3 Bc5 5. c3 d6 6. O-O O-O 7. h3 a6 8. Re1 Ba7 
9. a4 h6 10. Nbd2 Nh5 11. Nf1 Qf6 12. Ne3 Nf4 13. Ng4 Qg6 14. Bxf4 exf4 
15. d4 Bxg4 16. hxg4 Qxg4 17. a5 Rae8 18. b4 Ne7 19. b5 axb5 20. Bxb5 c6 
21. Bd3 Qe6 22. Rb1 Rb8 23. c4 b5 24. cxb5 cxb5 25. Qd2 Rfc8 26. Rb2 g6 
27. a6 Kg7 28. Bxb5 d5 29. exd5 Qd6 30. Reb1 Nxd5 31. Bf1 Rxb2 32. Rxb2 Rc7 
33. Qe1 Qe7 34. Qb1 g5 35. Rb7 Rxb7 36. axb7 Qb4 37. Qxb4 Nxb4 38. Ne5 f6 
39. Nd7 Nc6 40. Bc4 Nb8 41. Nc5 Kf8 42. Kh2 Ke7 43. Kh3 Kd6 44. Kg4 Nc6 
45. Nb3 Nd8 46. Kf5 Nxb7 47. Kxf6 Nd8 48. Kf5 Nc6 49. Ke4 Nb4 50. Nd2 Nc2 
51. Nb3 Nb4 52. g4 fxg3 53. fxg3 h5 54. Kf3 Bb6 55. Ke3 h4 56. Kf3 Nd5 
57. Bxd5 Kxd5 58. gxh4 gxh4 59. Kg4 h3 60. Kxh3 Bxd4 1/2-1/2

[Event "Monday 16 April Rapid Engine Tour 12+1 Rounds 9 Starts 1600ST"]
[Site "Infinity Chess"]
[Date "2018.4.16"]
[Round "9"]
[White "KhalidOmar"]
[Black "Deep_Impact"]
[Result "1/2-1/2"]
[ECO "C77"]
[WhiteElo "2449"]
[BlackElo "2401"]
[WhiteEngine "Eman 1.70-beta21 64-bit BMI2"]
[BlackEngine "asmFishW_2018-04-07_bmi2"]
[EventType "Swiss"]
[WhiteTeam ""]
[BlackTeam ""]
[PlyCount "105"]
[TimeControl "720+1"]

1. e4 e5 2. Nf3 Nc6 3. Bb5 a6 4. Ba4 Nf6 5. O-O Be7 6. Re1 b5 7. Bb3 O-O 
8. c3 d5 9. exd5 Nxd5 10. Nxe5 Nxe5 11. Rxe5 c6 12. d3 Bd6 13. Re1 Bf5 
14. Qf3 Qh4 15. g3 Qh3 16. Be3 Bxd3 17. Nd2 Qf5 18. Bd4 Rfd8 19. a4 h6 
20. h4 Rac8 21. Qxf5 Bxf5 22. axb5 axb5 23. Bxd5 cxd5 24. Ra5 b4 25. Rxd5 Be6 
26. Rb5 Bf8 27. Nf1 Bd5 28. Ra5 Bf3 29. Re3 Bc6 30. Re1 Bf3 31. Ra7 Rb8 
32. Nd2 Bd5 33. Ne4 bxc3 34. bxc3 Re8 35. f3 Bd6 36. Rf1 Bxe4 37. fxe4 f6 
38. Kg2 Rxe4 39. Kf3 Re6 40. Rf2 Rb1 41. Kg4 Be5 42. Re2 Bxd4 43. Ra8+ Kf7 
44. Rxe6 Kxe6 45. cxd4 f5+ 46. Kf4 g5+ 47. hxg5 Rf1+ 48. Ke3 hxg5 49. Ra6+ Kd5 
50. Ra5+ Ke6 51. Ra6+ Kd5 52. Ra5+ Ke6 53. Ra6+ 1/2-1/2

[Event "Monday 16 April Rapid Engine Tour 12+1 Rounds 9 Starts 1600ST"]
[Site "Infinity Chess"]
[Date "2018.4.16"]
[Round "9"]
[White "Murx"]
[Black "Eman"]
[Result "1/2-1/2"]
[ECO "E21"]
[WhiteElo "2511"]
[BlackElo "2465"]
[WhiteEngine "asmFishW_2018-04-07_popcnt"]
[BlackEngine "Eman 1.70-beta21 64-bit POPCNT"]
[EventType "Swiss"]
[WhiteTeam ""]
[BlackTeam ""]
[PlyCount "95"]
[TimeControl "720+1"]

1. d4 Nf6 2. c4 e6 3. Nc3 Bb4 4. Nf3 O-O 5. e3 d5 6. Bd3 dxc4 7. Bxc4 c5 
8. O-O cxd4 9. exd4 b6 10. Qe2 Bb7 11. Bg5 Nbd7 12. Rac1 Bxc3 13. bxc3 Qc7 
14. Ba6 Bxa6 15. Qxa6 h6 16. Bh4 Ne4 17. Rfe1 Nd6 18. c4 Nf5 19. Bg3 Nxg3 
20. hxg3 Rfd8 21. Qa3 Rac8 22. Red1 Nf6 23. Ne5 Qb7 24. Rc3 Rc7 25. Qb3 Qc8 
26. Rc2 Ne4 27. Qd3 Nc5 28. Qe2 Nd7 29. Ng4 Rc6 30. a4 a5 31. Ne3 Rd6 
32. Rcd2 Nf6 33. Rd3 Qd7 34. d5 Qxa4 35. dxe6 Rxd3 36. Rxd3 Rxd3 37. Qxd3 fxe6 
38. Qd8+ Kf7 39. Qxb6 Qa1+ 40. Kh2 Qe1 41. Qb7+ Kg8 42. c5 Qxf2 43. Qb8+ Kf7 
44. Qb7+ Kg6 45. Qb1+ Kf7 46. Qb7+ Kg6 47. Qb1+ Kf7 48. Qb7+ 1/2-1/2

[Event "Monday 16 April Rapid Engine Tour 12+1 Rounds 9 Starts 1600ST"]
[Site "Infinity Chess"]
[Date "2018.4.16"]
[Round "9"]
[White "HerzsjeMZ"]
[Black "Longin"]
[Result "1/2-1/2"]
[ECO "C50"]
[WhiteElo "2463"]
[BlackElo "2463"]
[WhiteEngine "S_XPrO.020418.64.POPCNT"]
[BlackEngine "Raubfisch ME262_GTZ17b_CTG"]
[EventType "Swiss"]
[WhiteTeam ""]
[BlackTeam ""]
[PlyCount "118"]
[TimeControl "720+1"]

1. e4 e5 2. Nf3 Nc6 3. Bc4 Bc5 4. O-O Nf6 5. d3 d6 6. c3 O-O 7. Nbd2 a5 
8. Re1 Be6 9. Bb5 Ba7 10. h3 Ne7 11. Bc4 Nc6 12. b3 h6 13. Nf1 d5 14. exd5 Nxd5 
15. Bd2 Qf6 16. N1h2 Rad8 17. Rc1 Nf4 18. Bxf4 Bxc4 19. bxc4 Qxf4 20. Qc2 f5 
21. Rb1 e4 22. dxe4 Bxf2+ 23. Kxf2 fxe4 24. Qxe4 Qxh2 25. Re2 Rf4 26. Rxb7 Rxe4 
27. Nxh2 Rf4+ 28. Nf3 Rc8 29. Ke3 Rxc4 30. Kd2 Rc5 31. a3 Rd8+ 32. Kc2 Nd4+ 
33. Nxd4 Rxd4 34. Rb8+ Kf7 35. g3 Ra4 36. Kb2 Rac4 37. Re3 g5 38. Rh8 Kg7 
39. Ra8 g4 40. hxg4 Rxg4 41. Re7+ Kf6 42. Re3 Kg5 43. Ra6 Rb5+ 44. Kc1 Ra4 
45. Rc6 Rxa3 46. Kc2 a4 47. Rxc7 h5 48. Kd3 Ra5 49. Ree7 Kg4 50. Re3 Rb3 
51. Rg7+ Kf5 52. Rf3+ Ke6 53. Rg6+ Kd7 54. Ke4 a3 55. Kd3 a2 56. Rg7+ Ke6 
57. Rg6+ Kd7 58. Rg7+ Ke6 59. Rg6+ Kd7 1/2-1/2

[Event "Monday 16 April Rapid Engine Tour 12+1 Rounds 9 Starts 1600ST"]
[Site "Infinity Chess"]
[Date "2018.4.16"]
[Round "9"]
[White "RonWeasley"]
[Black "KRAKEN"]
[Result "1/2-1/2 "]
[ECO "D30"]
[WhiteElo "2468"]
[BlackElo "2525"]
[WhiteEngine "BrainFish 090218_CTG"]
[BlackEngine "Raubfisch X38b_CTG"]
[EventType "Swiss"]
[WhiteTeam ""]
[BlackTeam ""]
[PlyCount "128"]
[TimeControl "720+1"]

1. d4 d5 2. c4 e6 3. Nf3 Nf6 4. Nc3 c6 5. Bg5 h6 6. Bxf6 Qxf6 7. e3 Nd7 
8. Be2 g6 9. O-O Bg7 10. e4 dxe4 11. Nxe4 Qf4 12. Qc2 f5 13. Ned2 c5 14. g3 Qc7 
15. Nh4 Bxd4 16. Nxg6 Rg8 17. Nh4 Nf6 18. Ndf3 Rxg3+ 19. hxg3 Qxg3+ 20. Ng2 Ng4 
21. Qd2 Bxf2+ 22. Rxf2 Qxf2+ 23. Kh1 Bd7 24. Ne5 O-O-O 25. Nxg4 fxg4 26. Rd1 h5 
27. b3 g3 28. Qd3 h4 29. Bg4 Kb8 30. Rd2 Qf6 31. Kg1 Ka8 32. Ne3 Qa1+ 
33. Nf1 Rf8 34. Bh3 Bc8 35. Qd6 Qf6 36. Ne3 a6 37. Ng4 Qf4 38. Qxf4 Rxf4 
39. Rd8 Kb8 40. Rh8 Re4 41. Rxh4 b5 42. Kg2 bxc4 43. bxc4 Rxc4 44. Kxg3 Rc3+ 
45. Kf4 e5+ 46. Kxe5 Ra3 47. Kd6 Rxa2 48. Ne5 Rd2+ 49. Kc6 Bb7+ 50. Kb6 Rb2+ 
51. Kxc5 Rh2 52. Ng6 Bc8 53. Rb4+ Kc7 54. Bf1 Rf2 55. Bc4 a5 56. Ra4 Rf5+ 
57. Bd5 Be6 58. Ne7 Rh5 59. Rxa5 Bxd5 60. Nxd5+ Kb7 61. Ra1 Rh7 62. Rb1+ Ka6 
63. Rb8 Rh5 64. Rb2 Rh1 1/2-1/2

[Event "Monday 16 April Rapid Engine Tour 12+1 Rounds 9 Starts 1600ST"]
[Site "Infinity Chess"]
[Date "2018.4.16"]
[Round "9"]
[White "SkyPilot"]
[Black "xeonrocks"]
[Result "1/2-1/2"]
[ECO "C53"]
[WhiteElo "2496"]
[BlackElo "2546"]
[WhiteEngine "stockfish_x64_bmi2_2018_04_07_CTG"]
[BlackEngine "Stockfish_x64_bmi2_CTG"]
[EventType "Swiss"]
[WhiteTeam ""]
[BlackTeam ""]
[PlyCount "98"]
[TimeControl "720+1"]

1. e4 e5 2. Nf3 Nc6 3. Bc4 Bc5 4. c3 Nf6 5. d3 d6 6. O-O a5 7. Re1 Ba7 
8. Nbd2 O-O 9. Nf1 Be6 10. Bb5 Ne7 11. d4 exd4 12. Nxd4 Ng6 13. Ba4 h6 
14. Be3 Bc8 15. Bc2 Re8 16. h3 Nxe4 17. Bxh6 Nxf2 18. Qd2 gxh6 19. Rxe8+ Qxe8 
20. Qxf2 Bd7 21. Ne3 Qe5 22. Rf1 Be6 23. Ng4 Qg5 24. Kh2 Bc4 25. Re1 Kg7 
26. Ne3 Be6 27. Rf1 Bxd4 28. cxd4 f5 29. g3 Rf8 30. Qe1 Qh5 31. d5 Bd7 
32. Qc3+ Ne5 33. Bd1 Qg5 34. Ng2 c5 35. dxc6 Bxc6 36. Nf4 Qe7 37. Qxa5 Ng6 
38. Qc3+ Kh7 39. Nh5 Be4 40. Bb3 d5 41. Re1 d4 42. Qxd4 Ne5 43. Qc3 Rd8 
44. Kg1 Rd3 45. Qc8 Nf3+ 46. Kf1 Nd2+ 47. Kg1 Nf3+ 48. Kf1 Nh2+ 49. Kg1 Nf3+ 
1/2-1/2

[Event "Monday 16 April Rapid Engine Tour 12+1 Rounds 9 Starts 1600ST"]
[Site "Infinity Chess"]
[Date "2018.4.16"]
[Round "9"]
[White "ocirema"]
[Black "star99"]
[Result "1/2-1/2"]
[ECO "B90"]
[WhiteElo "2484"]
[BlackElo "2439"]
[WhiteEngine "asmFishW_2018-04-11_popcnt_CTG"]
[BlackEngine "Cryptic Heroes 9.4B"]
[EventType "Swiss"]
[WhiteTeam ""]
[BlackTeam ""]
[PlyCount "121"]
[TimeControl "720+1"]

1. e4 c5 2. Nf3 d6 3. d4 cxd4 4. Nxd4 Nf6 5. Nc3 a6 6. Be3 e5 7. Nb3 Be6 
8. Be2 Be7 9. O-O O-O 10. Qd3 Nbd7 11. Nd5 Nxd5 12. exd5 e4 13. Qxe4 Nf6 
14. Qd3 Bxd5 15. Qd2 Re8 16. Rfe1 Bc6 17. Nd4 Ne4 18. Qd1 Ba4 19. Qd3 d5 
20. Bf3 Bf6 21. c3 Nc5 22. Qb1 Rc8 23. g3 g6 24. h4 Qd6 25. h5 Ne4 26. hxg6 fxg6 
27. Qd3 Nc5 28. Qb1 Ne4 29. Bg2 Qd7 30. Nb3 Qf7 31. Qd3 Bc6 32. Bd4 Rf8 
33. f4 Bb5 34. Qe3 Rce8 35. Bxf6 Qxf6 36. Nc5 Bc6 37. Rad1 Qf5 38. Nxe4 dxe4 
39. Rd6 Re6 40. Rxe6 Qxe6 41. Qd4 Rf7 42. Bf1 b5 43. a4 Rd7 44. Qc5 Rd2 
45. axb5 Bxb5 46. c4 Bc6 47. b4 Qg4 48. Qe3 Rb2 49. Be2 Qh3 50. Rd1 Rxb4 
51. Bf1 Qh5 52. Qd4 Rb7 53. Qd6 Rf7 54. Rb1 Qf3 55. Rb8+ Kg7 56. Qe5+ Kh6 
57. Rb2 Qe3+ 58. Kh1 Qf3+ 59. Kg1 Qe3+ 60. Kh1 Qf3+ 61. Kg1 1/2-1/2

[Event "Monday 16 April Rapid Engine Tour 12+1 Rounds 9 Starts 1600ST"]
[Site "Infinity Chess"]
[Date "2018.4.16"]
[Round "9"]
[White "Katzenmaier"]
[Black "Seliga"]
[Result "1/2-1/2 "]
[ECO "A13"]
[WhiteElo "2519"]
[BlackElo "2487"]
[WhiteEngine "Raubfisch X38a."]
[BlackEngine "SF9 ''A5''_CTG"]
[EventType "Swiss"]
[WhiteTeam ""]
[BlackTeam ""]
[PlyCount "187"]
[TimeControl "720+1"]

1. c4 e6 2. d4 d5 3. cxd5 exd5 4. Nc3 Bf5 5. Bf4 Nf6 6. e3 c6 7. Nge2 Nh5 
8. Be5 Nd7 9. h3 Bg6 10. Bh2 Bb4 11. a3 Ba5 12. Rc1 O-O 13. b4 Bb6 14. g4 Nhf6 
15. Nf4 Bc7 16. Nxg6 fxg6 17. Bxc7 Qxc7 18. Bg2 Qd6 19. Qb3 Kh8 20. b5 Nb6 
21. Qb4 Qe6 22. O-O h5 23. gxh5 gxh5 24. Qb1 Ng8 25. Ne2 Qh6 26. Nf4 Ne7 
27. bxc6 bxc6 28. Rc3 Rab8 29. Qd1 Rf5 30. Bf3 g6 31. Bg2 Nc4 32. Ne6 Rf7 
33. h4 Rf6 34. Bh3 Nf5 35. Bxf5 Rxf5 36. e4 Rf6 37. Ng5 Qf8 38. e5 Rf5 
39. Qc1 Qe7 40. Rg3 a5 41. a4 Rb4 42. Nf3 Kg7 43. Qd1 Qe6 44. Re1 Rf8 
45. Qc2 Rb2 46. Qd3 Qf5 47. Qxf5 Rxf5 48. e6 Rb8 49. e7 Re8 50. Ng5 Kf6 
51. Re6+ Kg7 52. Rb3 Rf4 53. Rxc6 Rg4+ 54. Rg3 Rxg3+ 55. fxg3 Rxe7 56. Kf2 Ne3 
57. Ne6+ Kf7 58. Ng5+ Kg7 59. Rc5 Ng4+ 60. Kf1 Ne3+ 61. Kf2 Ng4+ 62. Kf1 Ne3+ 
63. Kg1 Nf5 64. Kf2 Rd7 65. Ne6+ Kf7 66. Nc7 Nxd4 67. Nxd5 Ra7 68. Ke3 Nf5+ 
69. Kf3 Kg7 70. Nf4 Kh6 71. g4 Nxh4+ 72. Kg3 Rf7 73. g5+ Kh7 74. Rxa5 Nf5+ 
75. Kf3 Nd4+ 76. Kg3 Nf5+ 77. Kf2 Nd6 78. Kf3 Nc4 79. Rd5 Ra7 80. Rc5 Nd2+ 
81. Ke3 Rxa4 82. Rc7+ Kg8 83. Nxg6 Ne4 84. Ne7+ Kg7 85. g6 Ng5 86. Kd3 Ra3+ 
87. Kc4 h4 88. Nf5+ Kxg6 89. Nxh4+ Kh5 90. Nf5 Rh3 91. Nd6 Nf3 92. Kc5 Rh4 
93. Nf5 Rf4 94. Ng3+ 1/2-1/2

[Event "Monday 16 April Rapid Engine Tour 12+1 Rounds 9 Starts 1600ST"]
[Site "Infinity Chess"]
[Date "2018.4.16"]
[Round "8"]
[White "Mr Aj"]
[Black "angriff"]
[Result "1/2-1/2"]
[ECO "A06"]
[WhiteElo "2439"]
[BlackElo "2369"]
[WhiteEngine "Houdini 6_CTG"]
[BlackEngine "DracoREX 3.07 64BIT POPCNT_CTG"]
[EventType "Swiss"]
[WhiteTeam ""]
[BlackTeam ""]
[PlyCount "138"]
[TimeControl "720+1"]

1. Nf3 d5 2. d4 Nf6 3. c4 e6 4. Nc3 c6 5. e3 Nbd7 6. Qc2 Bd6 7. Bd3 O-O 
8. O-O dxc4 9. Bxc4 b5 10. Be2 Bb7 11. e4 e5 12. dxe5 Nxe5 13. Nh4 g6 14. Bg5 h6 
15. Bxh6 Nfg4 16. Nxg6 Nxg6 17. Bxf8 Bxh2+ 18. Kh1 Bf4 19. Bxg4 Qh4+ 20. Bh3 Bc8 
21. Be7 Nxe7 22. Qd3 Ng6 23. Rfd1 Bg4 24. Qf1 Re8 25. Ne2 Rxe4 26. Ng1 Bxd1 
27. g3 Qf6 28. Rxd1 Bc7 29. b3 Bb6 30. Kg2 Qg5 31. Kh1 Qc5 32. Kg2 Qg5 
33. Kh1 Qh5 34. Rd2 Re5 35. Kh2 Kf8 36. Qa1 Rd5 37. Qc3 Ne5 38. Kg2 Rxd2 
39. Qb4+ Kg8 40. Qxd2 Qg6 41. Nf3 Nd3 42. Nh4 Qf6 43. Bd7 Qxf2+ 44. Qxf2 Nxf2 
45. a3 b4 46. axb4 Nd3 47. Bxc6 Nxb4 48. Be4 Kg7 49. Kh3 Kf6 50. Nf3 Ke6 
51. g4 a6 52. g5 Bf2 53. Kg4 Be3 54. Bf5+ Kd5 55. Bb1 Bb6 56. Kf5 Bd8 
57. Be4+ Kc5 58. Ne5 Kb5 59. Bh1 Kb6 60. Nxf7 Bxg5 61. Ne5 Bd8 62. Ke6 Kc5 
63. Bf3 a5 64. Kd7 Bf6 65. Nc4 a4 66. bxa4 Kxc4 67. Kd6 Nc2 68. Bc6 Kb4 
69. Bb5 Ne3 1/2-1/2